 Dungeon Crawl Stone Soup version 0.27-a0-1105-g946c659c87 (webtiles) character file.

Game seed: 2199293892822183145

20314 DogServant the Grappler (level 12, 0/127 HPs)
             Began as a Demigod Transmuter on Apr 30, 2021.
             Slain by an eight-headed hydra (15 damage)
             ... on level 1 of the Lair of Beasts.
             The game lasted 00:50:26 (14465 turns).

DogServant the Grappler (Demigod Transmuter)       Turns: 14465, Time: 00:50:28

Health: 0/127      AC:  6    Str: 23    XL:     12   Next: 15%
Magic:  18/20      EV: 21    Int: 15    God:
Gold:   805        SH:  0    Dex: 24    Spells: 2/17 levels left

rFire    x . .     SeeInvis .     - Unarmed
rCold    + + +     Faith    .   (shield currently unavailable)
rNeg     . . .     Spirit   .   (armour currently unavailable)
rPois    +         Reflect  .   (helmet currently unavailable)
rElec    .         Harm     .   (cloak currently unavailable)
rCorr    .         Rampage  .   (gloves currently unavailable)
Will     +....                  (boots currently unavailable)
Stlth    ++........             d - amulet of regeneration
HPRegen  1.31/turn              o - +4 ring of evasion
MPRegen  0.17/turn              B - +6 ring of dexterity

@: about to teleport, ice-form
A: freezing attack, amphibious, boosted hp, large, high mp 1, forlorn
a: End Transformation


You were on level 1 of the Lair of Beasts.
You were a creature of crystalline ice.
You visited 2 branches of the dungeon, and saw 14 of its levels.
You also visited: Sewer and Ossuary.

You collected 805 gold pieces.

Inventory:

Missiles
 b - 47 poisoned darts
 K - 7 boomerangs of dispersal
 L - a throwing net (quivered)
Armour
 a - a +0 pair of gloves (melded)
 n - +0 acid dragon scales
 q - a +1 cloak (melded)
 y - the +1 leather armour of Demons (melded) {*Slow Regen+ Int+3}
   (You found it on level 5 of the Dungeon)

   It affects your intelligence (+3).
   It increases your rate of health regeneration.
   It may slow you when you take damage.
 z - a +0 troll leather armour
 H - the +3 pair of seven-league boots {Rampage+∞}
   (You found it on level 8 of the Dungeon)
Magical Staves
 g - a staff of cold
Jewellery
 d - an amulet of regeneration (around neck)
 j - the ring "Ackuoke" {rN+ Will- Dex+5 Slay+2}
   (You acquired it on level 10 of the Dungeon)

   [ring of positive energy]

   It affects your dexterity (+5).
   It affects your accuracy and damage with ranged weapons and melee attacks
   (+2).
   It protects you from negative energy.
   It decreases your willpower.
 o - a +4 ring of evasion (left front paw)
 B - a +6 ring of dexterity (right front paw)
 J - a ring of ice
 M - a ring of see invisible
 Q - a ring of wizardry
Wands
 e - a wand of charming (12)
 k - a wand of iceblast (9)
 u - a wand of paralysis (26)
 N - a wand of polymorph (9)
Scrolls
 f - 4 scrolls of teleportation
 i - 2 scrolls of silence
 l - a scroll of summoning
 m - 2 scrolls of magic mapping
 p - 2 scrolls of fear {unknown}
 t - 3 scrolls of fog
 C - 2 scrolls of noise {unknown}
 F - a scroll of enchant armour
 I - 3 scrolls of immolation {unknown}
 O - 2 scrolls of identify
 R - a scroll of holy word {unknown}
Potions
 c - 5 potions of magic
 h - a potion of heal wounds
 r - 3 potions of flight
 s - 8 potions of attraction
 v - a potion of brilliance
 w - a potion of haste
 x - a potion of might
 A - 3 potions of degeneration {unknown}
 D - 3 potions of lignification {unknown}
 E - 4 potions of cancellation {unknown}
 G - 3 potions of curing {unknown}
 P - a potion of mutation {unknown}


   Skills:
 + Level 10.1 Fighting
 - Level 9.0 Dodging
 + Level 1.0 Stealth
 + Level 10.5 Unarmed Combat
 - Level 3.0 Spellcasting
 + Level 8.0 Transmutations
 - Level 4.1 Ice Magic


You had 2 spell levels left.
You knew the following spells:

 Your Spells              Type           Power      Damage    Failure   Level
a - Beastly Appendage     Tmut           52%        N/A       1%          1
b - Wereblood             Tmut           26%        N/A       1%          2
c - Spider Form           Tmut/Pois      7%         N/A       12%         3
d - Ice Form              Ice/Tmut       20%        N/A       16%         4
e - Hydra Form            Tmut           13%        N/A       21%         5

Your spell library contained the following spells:

 Spells                   Type           Power      Damage    Failure   Level
 Magic Dart               Conj           8%         1d3       21%         1
 Summon Small Mammal      Summ           8%         N/A       21%         1
 Blink                    Tloc           N/A        N/A       30%         2
 Call Imp                 Summ           2%         N/A       30%         2
 Searing Ray              Conj           4%         3d3       30%         2
 Slow                     Hex            2%         N/A       30%         2
 Call Canine Familiar     Summ           2%         N/A       52%         3
 Conjure Flame            Conj/Fire      2%         6-21      52%         3
 Dazzling Flash           Conj/Hex       4%         N/A       52%         3
 Mephitic Cloud           Conj/Pois/Air  2%         N/A       52%         3
 Summon Guardian Golem    Hex/Summ       2%         N/A       52%         3
 Summon Ice Beast         Ice/Summ       8%         N/A       65%         4
 Fulminant Prism          Conj/Hex       1%         3d6       89%         4
 Iskenderun's Mystic Bla  Conj/Tloc      2%         2d3       89%         4
 Summon Lightning Spire   Summ/Air       2%         N/A       89%         4


Dungeon Overview and Level Annotations

Branches:
Dungeon (13/15)            Temple (0/1) D:7            Lair (1/6) D:10
    Orc (0/2) D:10          Sewer (visited)         Ossuary (visited)
 Vaults: D:13-14

Annotations:
D:12 exclusion: slime creature, Rupert


Innate Abilities, Weirdness & Mutations

You are a creature of crystalline ice.
You have a powerful freezing melee attack.
You are amphibious.
Your maximum health is increased.
Your armour is entirely melded.
You are incapable of wielding weapons or throwing items.
Your attributes grow dramatically as you level up.
You have an increased reservoir of magic. (+10% MP)
You shall have no god before yourself.


Message History

The eight-headed hydra bites you!
You pummel the eight-headed hydra!!
The eight-headed hydra seems to slow down.
You freeze the eight-headed hydra!
The eight-headed hydra is severely wounded.
The eight-headed hydra completely misses you.
The eight-headed hydra barely misses you. x2
The eight-headed hydra closely misses you.
The eight-headed hydra bites you. The eight-headed hydra bites you! x3
You are too injured to fight recklessly!
You are too injured to fight recklessly!
You are too injured to fight recklessly!
Unknown command.
You hit the eight-headed hydra.
The eight-headed hydra seems to slow down.
You freeze the eight-headed hydra.
The eight-headed hydra is severely wounded.
You hit the eight-headed hydra. You freeze the eight-headed hydra.
The eight-headed hydra is severely wounded.
The eight-headed hydra bites you!!
* * * LOW HITPOINT WARNING * * *
The eight-headed hydra bites you but does no damage.
The eight-headed hydra completely misses you.
The eight-headed hydra bites you.
* * * LOW HITPOINT WARNING * * *
The eight-headed hydra bites you!
* * * LOW HITPOINT WARNING * * *
The eight-headed hydra barely misses you.
The eight-headed hydra completely misses you.
The eight-headed hydra bites you.
* * * LOW HITPOINT WARNING * * *
Okay, then.
You feel much better.
As you read the scroll of teleportation, it crumbles to dust.
You feel strangely unstable. The eight-headed hydra bites you!
* * * LOW HITPOINT WARNING * * *
The eight-headed hydra completely misses you.
The eight-headed hydra barely misses you.
The eight-headed hydra bites you!
You die...

..## ###########
...########.P..##...#
...##...............#
....................#
....................#
...............(....#
....................#
....................#
................Y†..#
[..............D....#
#...................#
...........#
...........#
...........#
###........#
#P....##.#


You could see an eight-headed hydra (slow).

Vanquished Creatures
  4 hydras
  5 two-headed ogres
  An ugly thing (D:13)
  2 cyclopes
  A rust devil (D:6)
  2 gargoyles (D:12)
  4 kobold demonologists
  2 unseen horrors (D:10)
  2 trolls
  Prince Ribbit (D:8)
  Sigmund (D:5)
  A redback (shapeshifter) (D:13)
  20 yaks
  3 wraiths
  6 vampire mosquitoes (D:12)
  An acid dragon (D:10)
  4 water moccasins
  2 sky beasts
  5 orc warriors
  A necrophage (D:6)
  5 ogres
  7 centaurs
  A phantom (D:6)
  3 bullfrogs
  3 kobold brigands
  2 scorpions
  3 gnoll sergeants
  6 water moccasin zombies (Ossuary)
  A wyvern skeleton (D:7)
  A water moccasin skeleton (D:6)
  3 killer bees (D:10)
  5 howler monkeys
  7 wights
  A crimson imp (D:5)
  2 bullfrog zombies
  9 centaur zombies
  2 jellies
  7 hounds
  Crazy Yiuf (D:3)
  7 orc priests
  A bullfrog skeleton (D:6)
  A gnoll shaman (D:7)
  3 iguanas
  6 orc wizards
  A scorpion zombie (D:5)
  2 killer bee zombies
  2 hound skeletons (D:4)
  2 mummies (Ossuary)
  Robin (D:2)
  21 gnolls
  10 adders
  2 white imps
  5 adder zombies (Ossuary)
  2 worms
  3 dart slugs
  23 orcs
  5 ball pythons
  8 bats
  15 endoplasms
  5 giant cockroaches
  18 goblins
  12 hobgoblins
  17 jackals
  5 quokkas
  7 frilled lizards
  6 hobgoblin zombies (Ossuary)
  23 kobolds
  5 kobold zombies (Ossuary)
  5 orc zombies (Ossuary)
  4 rats
364 creatures vanquished.

Vanquished Creatures (others)
  11 plants
11 creatures vanquished.

Grand Total: 375 creatures vanquished

Notes
Turn   | Place    | Note
-------+----------+-------------------------------------------
     0 | D:1      | DogServant the Demigod Transmuter began the quest for the
                  | Orb.
     0 | D:1      | Reached XP level 1. HP: 15/15 MP: 5/5
    99 | D:1      | Reached skill level 1 in Fighting
   386 | D:1      | Reached XP level 2. HP: 18/23 MP: 5/7
  1121 | D:1      | Learned a level 2 spell: Wereblood
  1276 | D:1      | Reached XP level 3. HP: 28/28 MP: 6/8
  2152 | D:2      | Reached XP level 4. HP: 35/35 MP: 7/9
  2325 | D:2      | HP: 1/35 [poisoned by an adder]
  3014 | D:2      | Noticed Robin
  3124 | D:3      | Learned a level 3 spell: Spider Form
  3181 | D:2      | Killed Robin
  3775 | D:3      | Reached XP level 5. HP: 40/40 MP: 8/10
  4100 | D:3      | Found a runed translucent door.
  4101 | D:3      | Noticed Crazy Yiuf
  4229 | D:3      | Killed Crazy Yiuf
  4778 | D:4      | Reached XP level 6. HP: 45/48 MP: 9/11
  5244 | D:5      | Entered Level 5 of the Dungeon
  5251 | D:5      | Noticed a rust devil
  5253 | D:5      | Noticed a rust devil
  5360 | D:5      | Noticed Sigmund
  5365 | D:5      | Reached skill level 5 in Unarmed Combat
  5377 | D:5      | Killed Sigmund
  5378 | D:5      | Reached XP level 7. HP: 52/57 MP: 8/12
  5885 | D:5      | Found a glowing drain.
  5900 | Sewer    | Entered a sewer
  6791 | D:5      | Identified the +1 leather armour of Demons {*Slow Regen+
                  | Int+3}
  6806 | D:5      | Reached XP level 8. HP: 67/67 MP: 9/14
  6870 | D:5      | Reached skill level 5 in Fighting
  7325 | D:6      | Noticed a troll
  7569 | D:6      | Killed a troll
  8222 | D:7      | Reached XP level 9. HP: 82/82 MP: 12/15
  8235 | D:7      | Learned a level 4 spell: Ice Form
  8547 | D:7      | Reached skill level 1 in Ice Magic
  8619 | D:7      | Found a staircase to the Ecumenical Temple.
  9219 | D:8      | Noticed Prince Ribbit
  9317 | D:8      | Reached skill level 5 in Dodging
  9317 | D:8      | Reached skill level 5 in Transmutations
  9415 | D:8      | Killed Prince Ribbit
  9428 | D:8      | Found a sand-covered staircase.
  9435 | Ossuary  | Entered an ossuary
  9720 | D:8      | Found the +3 pair of seven-league boots {Rampage+∞}
 10050 | D:8      | Noticed a two-headed ogre
 10109 | D:9      | Noticed a two-headed ogre
 10140 | D:10     | Entered Level 10 of the Dungeon
 10143 | D:10     | Reached XP level 10. HP: 50/90 MP: 11/16
 10170 | D:10     | Identified 2 scrolls of acquirement
 10171 | D:10     | Acquired the ring "Ackuoke" {rN+ Will- Dex+5 Slay+2}
 10172 | D:10     | Acquired an amulet of regeneration
 10398 | D:10     | Found a staircase to the Lair.
 10518 | D:10     | Found a staircase to the Orcish Mines.
 10520 | D:10     | Identified the +10 morningstar "Comiet" {vorpal, rN+ Int+2
                  | SInv Stlth+}
 10833 | D:9      | Killed a two-headed ogre
 11315 | D:9      | Noticed a two-headed ogre
 11325 | D:9      | Killed a two-headed ogre
 11366 | D:9      | Noticed a cyclops
 11382 | D:9      | Killed a cyclops
 11398 | D:9      | Noticed a seven-headed hydra
 11402 | D:9      | Killed a seven-headed hydra
 11404 | D:9      | Reached XP level 11. HP: 71/97 MP: 19/19
 11846 | D:8      | Killed a two-headed ogre
 12625 | D:10     | Noticed a five-headed hydra
 12634 | D:10     | Killed a five-headed hydra
 12723 | D:10     | Noticed a two-headed ogre
 12730 | D:10     | Killed a two-headed ogre
 12884 | D:10     | You fall into a shaft and drop 3 floors!
 13038 | D:12     | Learned a level 5 spell: Hydra Form
 13053 | D:12     | Noticed a two-headed ogre
 13063 | D:12     | Killed a two-headed ogre
 13315 | D:12     | Noticed a four-headed hydra
 13321 | D:12     | Killed a four-headed hydra
 13322 | D:12     | Reached skill level 10 in Unarmed Combat
 13351 | D:12     | Noticed a sun demon
 13731 | D:12     | Noticed Rupert
 14295 | Lair:1   | Entered Level 1 of the Lair of Beasts
 14347 | Lair:1   | Reached XP level 12. HP: 106/106 MP: 14/20
 14371 | Lair:1   | Reached skill level 10 in Fighting
 14450 | Lair:1   | Noticed a five-headed hydra
 14453 | Lair:1   | Noticed an eight-headed hydra
 14458 | Lair:1   | Killed a five-headed hydra
 14459 | Lair:1   | Reached skill level 1 in Stealth
 14463 | Lair:1   | HP: 3/127 [eight-headed hydra (5)]
 14465 | Lair:1   | Slain by an eight-headed hydra

Illustrated notes

Levels and vault maps discovered:
D:1:      minmay_arrival_four_circles, layout_basic
D:2:      kb_forest_paths, layout_basic, uniq_robin
D:3:      layout_rooms, nicolae_hepliaklqana_hazy_memory, st_stairs_8,
          uniq_crazy_yiuf_cottage
D:4:      layout_rooms, guppyfry_early_lair_pool
D:5:      cheibrodos_iron_armory, layout_loops_ring, portal_sewer_entry_d,
          minmay_fire_ice_demons, uniq_sigmund
D:6:      layout_rooms, lemuel_doored_altar,
          nicolae_gozag_cash_rules_everything_around_me, kennysheep_minor_cross
D:7:      layout_loops_ring, general_overflow_altar, lemuel_crystal_altar,
          minmay_temple_entry_ruins, hangedman_abyss_or_decor_jellyfish_corner
D:8:      layout_basic, kennysheep_mini, grunt_temple_overflow_open,
          gammafunk_temple_overflow_claw, enter_ossuary_1, uniq_prince_ribbit1
D:9:      minmay_slanted_spiral_squares, layout_basic, enter_bailey_3
D:10:     layout_basic, lair_entry_dummy, orc_0_dummy, serial_glass,
          glass_columns_a, glass_columns_c, kennysheep_kite_vault
D:11:     layout_gridville, uniq_erolcha
D:12:     layout_gridville, uniq_rupert
D:13:     layout_grid_maze, nemelex_diamond_rough_becter
Lair:1:   layout_hall_layers, maelrawn_ghost_gauntlet_escape,
          chequers_serial_rivers_small_b

Skill      XL: |  1  2  3  4  5  6  7  8  9 10 11 12 |
---------------+-------------------------------------+-----
Fighting       | 1 2 3 4 8 9 10 | 10.1
Transmutations | 2 3 4 5 7 8 |  8.0
Unarmed Combat | 3 4 5 6 8 10 | 10.5
Dodging        | 2 3 4 5 6 9 |  9.0
Spellcasting   | 2 3 |  3.0
Ice Magic      | 4 |  4.1
Stealth        | 1 |  1.0

Action                   |  1- 3 |  4- 6 |  7- 9 | 10-12 || total
-------------------------+-------+-------+-------+-------++-------
Melee: Dagger            |    18 |       |       |       ||    18
       Unarmed           |    97 |   169 |   427 |   338 ||  1031
       Kick              |    31 |    31 |    93 |     9 ||   164
       Headbutt          |    12 |    17 |    59 |     2 ||    90
       Punch             |     1 |     2 |    11 |       ||    14
Throw: Dart              |     5 |    11 |       |     9 ||    25
       Throwing net      |       |       |       |     1 ||     1
 Cast: Beastly Appendage |    25 |    27 |    40 |     2 ||    94
       Spider Form       |       |     9 |    27 |    14 ||    50
       Wereblood         |       |     4 |    15 |     6 ||    25
       Ice Form          |       |       |       |    24 ||    24
       Hydra Form        |       |       |       |     2 ||     2
Evoke: Wand              |       |     2 |     1 |     5 ||     8
  Use: Scroll            |       |     7 |     3 |    11 ||    21
       Potion            |       |       |       |     2 ||     2
 Stab: Sleeping          |     2 |       |     2 |       ||     4
       Paralysed         |       |       |     4 |       ||     4
       Distracted        |       |       |     1 |       ||     1
Armor: Robe              |    14 |    19 |    10 |       ||    43
       Skin              |       |     2 |     2 |    40 ||    44
       Leather armour    |       |       |    28 |     4 ||    32
Dodge: Dodged            |    67 |   144 |   355 |   381 ||   947

Table legend: (Time is in decaauts)
 A = Elapsed time spent in this place.
 B = Non-inter-level travel time spent in this place.
 C = Inter-level travel time spent in this place.
 D = Time resting spent in this place.
 E = Time spent auto-exploring this place.
 F = Levels seen in this place.
 G = Mean time per level.
                   A        B        C        D        E       F      G
               +--------+--------+--------+--------+--------+-----+--------+
         Total |  14524 |  13710 |    814 |   1233 |   9541 |  16 |  907.8 |
       Dungeon |  13156 |  12343 |    813 |   1233 |   8539 |  13 | 1012.0 |
          Lair |    158 |    158 |      0 |      0 |     96 |   1 |  158.0 |
         Sewer |    973 |    973 |      0 |      0 |    758 |   1 |  973.0 |
       Ossuary |    235 |    235 |      0 |      0 |    147 |   1 |  235.0 |
               +--------+--------+--------+--------+--------+-----+--------+

Top non-repeatable levels by time:
     D:2: 1963 daAuts
     D:1: 1610 daAuts
    D:10: 1428 daAuts
     D:5: 1339 daAuts
     D:9: 1146 daAuts
     D:7: 1101 daAuts
     D:6: 1012 daAuts
     D:4: 989 daAuts
   Sewer: 973 daAuts
     D:8: 937 daAuts
    D:12: 775 daAuts
     D:3: 708 daAuts
 Ossuary: 235 daAuts
  Lair:1: 158 daAuts
    D:13: 129 daAuts
